 Dungeon Crawl Stone Soup version 0.24-a0-365-ga4d96b6e6e (webtiles) character file.

Game seed: 4372275249074880766

90 MachJacob the Firebug (level 4, -6/30 HPs)
             Began as a Demonspawn Fire Elementalist on May 27, 2019.
             Killed by nerve-wracking pain
             ... invoked by an orc priest
              (12 damage)
             ... on level 2 of the Dungeon.
             The game lasted 00:11:18 (3008 turns).

MachJacob the Firebug (DsFE)                        Turns: 3008, Time: 00:11:19

Health: -6/30      AC:  2    Str:  8    XL:     4   Next: 32%
Magic:  1/7        EV: 12    Int: 17    God:
Gold:   132        SH:  0    Dex: 14    Spells: 1/7 levels left

rFire    . . .     SeeInvis .   e - +0 dagger
rCold    . . .     Gourm    .   (no shield)
rNeg     . . .     Faith    .   a - +0 robe
rPois    .         Spirit   .   (no helmet)
rElec    .         Reflect  .   (no cloak)
rCorr    .         Harm     .   (no gloves)
MR       .....                  (no boots)
Stlth    ++........             (no amulet)
HPRegen  0.10/turn              (no ring)
MPRegen  0.10/turn              (no ring)

@: no status effects
A: powered by death 1, powered by pain 1
a: no special abilities


You were on level 2 of the Dungeon.
You were not hungry.

You visited 1 branch of the dungeon, and saw 3 of its levels.

You collected 132 gold pieces.

Inventory:

Hand Weapons
 e - a +0 dagger (weapon)
Missiles
 d - 89 stones (quivered)
Armour
 a - a +0 robe (worn)
Jewellery
 k - an uncursed ring of protection from cold {unknown}
 l - an uncursed ring of poison resistance {unknown}
 p - a cursed amulet of inaccuracy {unknown}
 q - an uncursed ring of protection from cold {unknown}
Scrolls
 g - a scroll of remove curse {unknown}
 j - a scroll of identify
 m - a scroll of teleportation
 r - a scroll of amnesia {unknown}
 s - a scroll of magic mapping {unknown}
Potions
 b - 3 potions of agility
 f - a potion of cancellation {unknown}
 h - a potion of lignification {unknown}
 i - a potion of brilliance {unknown}
 o - 2 potions of curing {unknown}
Comestibles
 c - 4 rations


   Skills:
 + Level 2.2 Dodging
 - Level 1.7 Stealth
 + Level 2.4 Spellcasting
 * Level 2.6 Conjurations
 * Level 3.4 Fire Magic


You had one spell level left.
You knew the following spells:

 Your Spells              Type           Power        Failure   Level  Hunger
a - Flame Tongue          Conj/Fire      ##...        5%          1    #......
b - Throw Flame           Conj/Fire      ##....       9%          2    ##.....
c - Conjure Flame         Conj/Fire      ##......     16%         3    ###....

Your spell library contained the following spells:

 Spells                   Type           Power        Failure   Level  Hunger
 Inner Flame              Hex/Fire       #.......     26%         3    ###....
 Sticky Flame             Conj/Fire      ##......     47%         4    #####..
 Fireball                 Conj/Fire      ##........   83%         5    ######.


Dungeon Overview and Level Annotations

Branches:
Dungeon (3/15)

Altars:
Dithmenos
Hepliaklqana
Qazlal

Annotations:
D:3 Sigmund


Innate Abilities, Weirdness & Mutations

You regenerate a little health from kills.
You sometimes gain a little power by taking damage.


Message History

Press: ? - help, Shift-Dir - straight line, f - hobgoblin
Aim: a hobgoblin The flame tongue hits the hobgoblin.
The hobgoblin is lightly wounded.
The hobgoblin barely misses you. The orc priest closely misses you.
Casting: Flame Tongue (safe; 5% risk of failure)
Confirm with . or Enter, or press ? or * to list all spells.
You don't have enough magic to cast that spell.
You barely miss the orc priest.
The orc priest is severely wounded.
The hobgoblin misses you.
The orc priest calls down the wrath of Beogh upon you.
Pain shoots through your body!
* * * LOW HITPOINT WARNING * * *
You hit the orc priest.
The orc priest is severely wounded.
The hobgoblin barely misses you.
The orc priest calls down the wrath of Beogh upon you.
Pain shoots through your body!
You die...

####### ######.....#
#..........#
#..........##########
#.......#####.......#
#####.).## #.#####.#
....#...######.#####.#
....'..........g@o...#
....#...#......#######
#########...####
.....####...#
.......##...#
.......##...#
.......##...#
#...........#
........#...#§§§§§8§§§§§#


You could see an orc priest and a hobgoblin.

Vanquished Creatures
  3 gnolls (D:2)
  2 adders (D:3)
  A worm (D:2)
  2 orcs (D:2 D:3)
  A ball python (D:2)
  2 bats (D:1)
  4 giant cockroaches (D:2 D:3)
  3 hobgoblins (D:1 D:2 D:3)
  3 jackals (D:2)
  8 kobolds (D:1 D:2)
  A frilled lizard (D:1)
  6 goblins (D:1 D:2 D:3)
  3 rats (D:1 D:2)
39 creatures vanquished.

Notes
Turn   | Place    | Note
-------+----------+-------------------------------------------
     0 | D:1      | MachJacob the Demonspawn Fire Elementalist began the quest
                  | for the Orb.
     0 | D:1      | Reached XP level 1. HP: 13/13 MP: 3/3
   350 | D:1      | You fall into a shaft and drop 1 floor!
   396 | D:2      | Gained mutation: You sometimes gain a little power by
                  | taking damage. [demonic ancestry]
   396 | D:2      | Reached XP level 2. HP: 19/19 MP: 0/5
   474 | D:2      | Reached skill level 3 in Fire Magic
   631 | D:2      | Gained mutation: You regenerate a little health from kills.
                  | [demonic ancestry]
   631 | D:2      | Reached XP level 3. HP: 18/24 MP: 2/6
   876 | D:1      | Learned a level 2 spell: Throw Flame
   880 | D:1      | Learned a level 3 spell: Conjure Flame
  1813 | D:2      | Found a shadowy altar of Dithmenos.
  1883 | D:2      | Found a hazy altar of Hepliaklqana.
  2180 | D:2      | Found a stormy altar of Qazlal.
  2762 | D:3      | Reached XP level 4. HP: 28/30 MP: 4/7
  2947 | D:3      | Noticed Sigmund
  3008 | D:2      | Killed from afar by an orc priest

Levels and vault maps discovered:
D:1:      dpeg_arrival_rooms_b, layout_basic
D:2:      layout_basic, nicolae_qazlal_eye_of_the_storm, lemuel_round_altar,
          hangedman_decor_lopped, nicolae_dithmenos_through_a_glass_darkly
D:3:      layout_rooms, old_standard_altar, uniq_sigmund

Skill      XL: |  1  2  3 |
---------------+----------+-----
Dodging        | 2 |  2.2
Fire Magic     | 3 |  3.4
Conjurations   | 2 |  2.6
Stealth        | |  1.7
Spellcasting   | |  2.4

Action                   |  1- 3 |  4- 6 || total
-------------------------+-------+-------++-------
Melee: Dagger            |    28 |     2 ||    30
       Unarmed           |     1 |       ||     1
Throw: Stone             |     8 |     4 ||    12
 Cast: Flame Tongue      |    48 |     7 ||    55
       Throw Flame       |    15 |     5 ||    20
       Conjure Flame     |     2 |     1 ||     3
  Use: Scroll            |     1 |     1 ||     2
  Eat: Chunk             |     8 |     1 ||     9
Armor: Robe              |     7 |     4 ||    11
Dodge: Dodged            |    32 |     8 ||    40

Table legend:
 A = Non-vault XP
 B = Vault XP
 C = Vault XP percentage of total XP
 D = Non-vault monster count
 E = Vault monster count
 F = Vault count percentage of total count
                 A         B        C        D         E       F
            +---------+---------+-------+---------+---------+-------
      Total |     129 |       0 |   0.0 |      39 |       0 |   0.0
            +---------+---------+-------+---------+---------+-------
        D:1 |      15 |       0 |   0.0 |      12 |       0 |   0.0
        D:2 |      76 |       0 |   0.0 |      19 |       0 |   0.0
        D:3 |      38 |       0 |   0.0 |       8 |       0 |   0.0
            +---------+---------+-------+---------+---------+-------
